Map: Lerilak Crest

Players

lesha - Winner!

  • Race: Terran Terran
  • League: Silver

Mave

  • Race: Zerg Zerg
  • League: Silver

VOD

Have the link to the VOD?

Description

Time

  • Played on: Dec. 10, 2015, 10:41 a.m.
  • Length: 16:02
Show
View Real Time Build Order
Export as new Build Order

lesha Terran - Winner!

Build Orders: MMM Bio 

Get SALT Encoding   

  12  0:02  SCV  
  13  0:14  SCV  
  13  0:21  Supply Depot  
  14  0:26  SCV  
  15  0:43  SCV  
  15  0:46  Barracks  
  16  0:55  SCV  
  17  1:00  Refinery  
  17  1:07  SCV  
  18  1:19  SCV, Supply Depot  
  19  1:31  SCV  
  20  1:41  Marine  
  20  1:45  Command Center  
  21  1:54  Orbital Command  
  21  2:08  Factory  
  21  2:25  SCV  
  21  2:35  Marine  
  21  2:37  SCV  
  23  2:49  SCV  
  24  2:52  Refinery  
  24  2:56  Factory Tech Lab  
  24  3:02  Starport  
  24  3:09  Orbital Command  
  24  3:10  Barracks Tech Lab  
  24  3:11  SCV  
  25  3:23  SCV  
  26  3:33  Marauder  
  28  3:35  SCV  
  28  3:38  Siege Tank  
  32  3:47  SCV  
  33  3:49  Barracks  
  33  4:02  Marauder  
  35  4:14  Viking  
  37  4:22  Marine  
  38  4:37  Barracks  
  38  4:40  Marine  
  38  4:41  Barracks Reactor  
  38  4:45  Stimpack  
  39  4:54  SCV x2  
  39  4:58  Marine  
  42  5:06  SCV  
  44  5:16  Marine  
  44  5:18  Marine x2  
  44  5:21  Orbital Command  
  46  5:23  Starport Reactor  
  46  5:48  Supply Depot  
  46  5:50  Supply Depot  
  46  5:51  Supply Depot  
  46  5:56  Engineering Bay  
  46  5:57  Engineering Bay  
  46  6:04  Command Center  
  46  6:07  Barracks  
  46  6:10  SCV x2, Barracks, Marine x2  
  51  6:12  Barracks Reactor  
  51  6:13  Marauder  
  52  6:22  SCV x2  
  54  6:27  Marine x2  
  56  6:34  Terran Infantry Weapons Level 1, Marauder  
  56  6:35  Terran Infantry Armor Level 1  
  58  6:45  Marine x2  
  60  6:47  Medivac  
  62  6:56  Barracks  
  62  6:57  Command Center  
  62  6:59  Barracks  
  62  7:10  Supply Depot x2  
  62  7:25  Refinery x2  
  62  7:42  SCV x2  
  64  7:54  SCV x2  
  66  8:00  Bunker  
  66  8:05  Marine x3  
  69  8:06  Barracks Reactor x2  
  69  8:08  Marine, Marauder  
  69  8:10  Medivac x2  
  76  8:22  Marine  
  76  8:23  Marine x2  
  76  8:26  Barracks Reactor, Marine  
  80  8:28  Barracks Reactor  
  80  8:29  Marauder  
  82  8:38  Orbital Command  
  82  8:40  Marine x2, Orbital Command, Medivac x2  
  82  8:41  Marine  
  89  8:43  SCV  
  89  8:44  SCV, Marine  
  92  8:50  Marine  
  92  8:52  Marine x3  
  92  8:53  Marine  
  97  8:56  SCV x2  
  97  8:58  Marine x3  
  97  9:02  Marine  
  103  9:03  Armory  
  103  9:08  SCV x2, Marauder  
  107  9:10  Medivac x2  
  107  9:12  Combat Shields  
  107  9:13  Marine x3  
  107  9:14  Marine  
  115  9:18  SCV  
  116  9:39  Supply Depot  
  116  9:41  Supply Depot x2  
  116  9:44  Supply Depot  
  116  10:00  SCV x2, Marine x4  
  116  10:01  Marauder  
  116  10:02  SCV x2, Marine x6  
  116  10:03  Marine  
  133  10:13  Supply Depot  
  132  10:15  Supply Depot  
  132  10:18  Supply Depot  
  132  10:26  Marine x4  
  132  10:27  Marine x4  
  140  10:38  Supply Depot  
  140  10:39  Supply Depot  
  140  10:41  Supply Depot  
  140  10:43  SCV x4  
  144  10:55  SCV x4  
  102  11:21  SCV x4  
  106  11:27  Marine x2  
  106  11:28  Marine x8  
  106  11:29  Marine x3  
  106  11:31  Medivac  
  106  11:32  Medivac  
  123  11:33  SCV x4  
  127  11:45  Marine x4  
  127  11:46  Marine  
  132  11:47  Marauder, Marine x2  
  132  11:48  Marine x5  
  132  11:51  Terran Infantry Weapons Level 2, Terran Infantry Armor Level 2  
  141  12:01  Medivac  
  141  12:03  Marine x5  
  148  12:09  Marauder  
  148  12:13  Marine  
  148  12:14  Marine x5  
  156  12:15  SCV  
  156  12:16  SCV x3  
  160  12:28  SCV x4  
  160  12:29  Refinery  
  164  12:30  Refinery, Marauder  
  164  12:34  Refinery  
  164  12:36  Refinery  
  165  12:55  SCV x3  
  165  12:56  SCV, Marine  
  165  12:57  Marine x8  
  156  12:59  Marauder  
  156  13:00  Medivac x2  
  145  13:06  Marine x3  
  145  13:07  SCV  
  143  13:14  Marine x3  
  143  13:15  Marine  
  147  13:20  Marauder  
  147  13:21  SCV x4  
  153  13:27  Marine x4  
  153  13:28  Marine x4  
  153  13:30  Medivac x2  
  153  13:32  Marine x3  
  153  13:33  SCV  
  169  13:40  Barracks  
  169  13:42  Barracks x2  
  169  13:44  Starport  
  169  13:46  Starport  
  169  13:48  Marine x2  
  169  13:49  Marine x7  
  169  13:50  Marine  
  179  14:00  Medivac  
  181  14:03  Marine x3  
  181  14:06  Marine x3  
  181  14:08  Marauder  
  189  14:23  Starport Reactor  
  189  14:24  Starport Reactor  
  189  14:29  Marauder  
  189  14:30  Command Center  
  191  14:51  Marauder  
  193  14:58  Command Center  
  183  15:09  Command Center  
  183  15:13  Marine  
  183  15:14  Marine x7  
  184  15:15  Marine x4  
  195  15:28  Medivac  
  195  15:30  Medivac  
  196  15:40  Marine  
  196  15:41  Marine x4  
Show
View Real Time Build Order
Export as new Build Order

Mave Zerg 

Build Orders: Pool First 

Get SALT Encoding   

  12  0:08  Overlord  
  12  0:12  Drone  
  13  0:23  Drone  
  13  0:27  Drone  
  15  0:31  Drone  
  16  0:42  Drone  
  17  0:51  Spawning Pool  
  17  0:53  Extractor  
  17  0:57  Drone  
  16  0:58  Extractor  
  16  1:03  Drone  
  16  1:14  Drone  
  17  1:29  Drone  
  18  1:35  Drone  
  18  1:38  Queen  
  21  1:45  Drone  
  22  1:58  Overlord  
  22  2:26  Drone x2  
  24  2:40  Drone  
  24  2:42  Lair  
  25  2:44  Hatchery  
  25  2:48  Drone  
  25  2:49  Roach Warren, Drone x2  
  26  2:56  Overlord  
  26  3:19  Spine Crawler  
  25  3:23  Drone x3  
  28  3:48  Hydralisk Den  
  27  3:50  Zergling x4  
  29  4:03  Drone  
  29  4:04  Drone x2  
  29  4:05  Overlord, Drone  
  33  4:25  Spine Crawler  
  33  4:27  Roach x4  
  40  4:43  Queen  
  42  4:46  Hydralisk x4  
  50  5:01  Evolution Chamber  
  50  5:03  Roach  
  50  5:06  Overlord x2  
  50  5:34  Extractor  
  49  5:37  Hatchery, Drone  
  49  5:38  Drone x7, Extractor  
  55  5:52  Overseer  
  55  6:06  Drone x4  
  55  6:07  Overlord x2  
  55  6:10  Hydralisk x2  
  63  6:44  Roach  
  63  6:45  Roach x5  
  75  6:52  Zerg Melee Weapons Level 1  
  75  6:57  Overlord x2  
  75  7:10  Queen  
  75  7:11  Drone x2  
  79  7:20  Drone x3  
  79  7:21  Drone x3  
  85  7:41  Drone x4  
  89  7:50  Spine Crawler  
  88  7:53  Drone x2  
  88  7:54  Drone x5  
  95  8:04  Overseer  
  95  8:14  Hydralisk  
  95  8:16  Overlord x3  
  95  8:17  Overlord  
  97  8:34  Hydralisk x3  
  97  8:35  Roach x3  
  109  8:46  Zerg Missile Weapons Level 1  
  109  8:49  Extractor  
  109  8:53  Extractor  
  107  9:00  Hydralisk x4  
  107  9:01  Hydralisk, Roach x4  
  125  9:05  Glial Reconstitution  
  125  9:09  Muscular Augments  
  125  9:26  Hydralisk  
  125  9:27  Roach  
  125  9:29  Overlord x3  
  129  9:39  Drone  
  130  9:46  Hydralisk  
  130  9:47  Hydralisk x2, Roach  
  130  9:48  Roach x2  
  142  10:07  Hydralisk x4  
  142  10:08  Roach x2  
  142  10:10  Overlord x2  
  154  10:24  Tunneling Claws  
  154  10:41  Hydralisk, Zerg Ground Armor Level 1  
  154  10:42  Hydralisk x3, Roach x2  
  166  10:43  Roach x2  
  166  10:44  Overlord  
  88  11:28  Hydralisk x5, Roach  
  88  11:29  Roach x3  
  106  11:51  Hydralisk x2  
  106  11:52  Roach x2  
  114  12:01  Hatchery  
  113  12:26  Spire  
  112  12:33  Infestation Pit  
  112  12:34  Zerg Melee Weapons Level 2  
  109  12:57  Hydralisk x2  
  109  12:58  Hydralisk x5, Roach x4  
  95  12:59  Roach x3  
  103  13:17  Drone  
  103  13:18  Drone x7  
  111  13:20  Queen  
  113  13:45  Corruptor x3  
  113  13:47  Corruptor x2  
  113  13:48  Hydralisk, Roach  
  127  13:51  Overlord x3  
  127  14:03  Hatchery  
  126  14:20  Corruptor x2  
  126  14:21  Hydralisk x3  
  126  14:22  Hydralisk, Roach x5  
  126  14:23  Overlord, Roach x2  
  126  14:24  Overlord x2  
  152  14:44  Hydralisk x4, Roach  
  152  14:45  Hydralisk, Roach x3  
  140  15:07  Hydralisk x5, Roach x2  
  83  15:08  Roach x3  
  90  15:26  Hydralisk, Roach  
  90  15:27  Roach  
Tags
 
Composition
MMM Bio
Matchup
TvZ
Opening
Pool First
Add a new tag
Caveats
  • Supply blocks, unpowered buildings, or Contaminate may cause inaccurate times.
  • Supply counts are checked every 10 seconds.